 Dungeon Crawl Stone Soup version 0.29.1-2-gbd0b4ee654 (webtiles) character file.

Game seed: 17140568089435432823

84 qeuew the Conjurer (level 4, -1/24 HPs)
             Began as a Deep Elf Conjurer on Nov 5, 2022.
             Slain by an adder (3 damage)
             ... on level 2 of the Dungeon.
             The game lasted 00:04:03 (1568 turns).

qeuew the Conjurer (Deep Elf Conjurer)              Turns: 1568, Time: 00:04:04

Health: -1/24      AC:  2    Str:  4    XL:     4   Next: 23%
Magic:  10/11      EV: 13    Int: 23    God:
Gold:   126        SH:  0    Dex: 15    Spells: 7/10 levels left

rFire   . . .      SeeInvis +   e - +0 short sword (elec)
rCold   . . .      Faith    .   (no shield)
rNeg    . . .      Spirit   .   a - +0 robe
rPois   .          Reflect  .   (no helmet)
rElec   .          Harm     .   (no cloak)
rCorr   .          Rampage  .   (no gloves)
Will    .....                   (no boots)
Stlth   ++........              (no amulet)
HPRegen 0.08/turn               l - ring of see invisible
MPRegen 0.12/turn               (no ring)

@: lethally poisoned (-1 -> -12), attractive
A: no striking features
a: no special abilities


You were on level 2 of the Dungeon.
You visited 1 branch of the dungeon, and saw 2 of its levels.

You collected 126 gold pieces.

Inventory:

Hand Weapons
 e - a +0 short sword of electrocution (weapon)
Armour
 a - a +0 robe (worn)
Jewellery
 l - a ring of see invisible (left hand)
Scrolls
 c - a scroll of vulnerability {unknown}
 f - a scroll of silence {unknown}
 h - a scroll of enchant armour {unknown}
Potions
 b - a potion of magic
 d - a potion of heal wounds
 g - a potion of brilliance
 i - 2 potions of attraction
 k - a potion of flight


   Skills:
 * Level 1.2 Short Blades
 * Level 1.0 Armour
 * Level 2.8 Dodging
 - Level 2.4 Stealth
 * Level 3.9 Spellcasting
 + Level 5.2 Conjurations


You had 7 spell levels left.
You knew the following spells:

 Your Spells              Type           Power      Damage    Failure   Level
a - Magic Dart            Conj           100%       1d8       1%          1
b - Searing Ray           Conj           56%        2d6       1%          2

Your spell library contained the following spells:

 Spells                   Type           Power      Damage    Failure   Level
 Dazzling Flash           Conj/Hex       32%        N/A       11%         3
 Stone Arrow              Conj/Erth      32%        3d9       11%         3
 Fulminant Prism          Conj/Hex       8%         3d7       34%         4
 Iskenderun's Mystic Bla  Conj/Tloc      16%        2d5       34%         4
 Animate Armour           Summ/Erth      8%         N/A       71%         4
 Animate Dead             Necr           4%         N/A       71%         4
 Borgnjor's Vile Clutch   Necr/Erth      2%         N/A       96%         5
 Death Channel            Necr           2%         N/A       100%        6
 Lehudib's Crystal Spear  Conj/Erth      8%         10d3      100%        8


Dungeon Overview and Level Annotations

Branches:
Dungeon (2/15)

Altars:


Message History

You are poisoned.
The adder poisons you!
You closely miss the adder.
You feel sick. The adder bites you. The adder misses you.
The adder bites you but does no damage.
You miss the adder.
You feel sick. The adder bites you. x2
You are lethally poisoned!
The adder poisons you!
You are too injured to fight recklessly!
You are too injured to fight recklessly!
You are too injured to fight recklessly!
You are too injured to fight recklessly!
You are too injured to fight recklessly!
You are too injured to fight recklessly!
You are too injured to fight recklessly!
You are too injured to fight recklessly!
You are too injured to fight recklessly!
You are too injured to fight recklessly!
You are too injured to fight recklessly!
You are too injured to fight recklessly!
You are too injured to fight recklessly!
It was a potion of heal wounds.
You feel much better.
You feel sick. The adder closely misses you. The adder bites you.
Okay, then.
You barely miss the adder.
You feel sick. The adder misses you. The adder closely misses you.
You barely miss the adder.
You feel sick. The adder bites you.
You are more poisoned.
The adder poisons you! The adder bites you.
You are lethally poisoned!
The adder poisons you! The adder misses you. The adder bites you.
It was a potion of attraction.
You feel attractive to monsters.
* * * LOW HITPOINT WARNING * * *
You feel very sick. The adder barely misses you. The adder bites you.
* * * LOW HITPOINT WARNING * * *
* * * LOW HITPOINT WARNING * * *
You feel very sick. The adder misses you. The adder bites you.
You die...

..# ..# +..# ##..+
#... ....# #....
....#
#....#####.$..#
#...†.........# #
#........@S...#
#......†..S...#
########'#######
#.##.#...# ####
#.##<#.### ...#
#.##.#.#
##.####.##.#.#####
#....)..........#
#####....)#.###.#


You could see 2 adders.

Vanquished Creatures
  Jessica (D:2)
  2 adders (D:2)
  A worm (D:2)
  2 dart slugs (D:2)
  A bat (D:1)
  4 endoplasms
  2 giant cockroaches
  4 goblins
  2 hobgoblins (D:1)
  3 quokkas
  2 ball pythons (D:1)
  A frilled lizard (D:1)
  3 kobolds
  3 rats (D:2)
31 creatures vanquished.

Vanquished Creatures (others)
  2 fungi (D:1)
  2 toadstools (D:1)
4 creatures vanquished.

Grand Total: 35 creatures vanquished

Notes
Turn   | Place    | Note
-------+----------+-------------------------------------------
     0 | D:1      | qeuew the Deep Elf Conjurer began the quest for the Orb.
     0 | D:1      | Reached XP level 1. HP: 10/10 MP: 6/6
   362 | D:1      | Reached XP level 2. HP: 15/15 MP: 5/8
   770 | D:1      | Learned a level 2 spell: Searing Ray
   810 | D:1      | Found a faded altar of an unknown god.
  1220 | D:2      | Noticed Jessica
  1222 | D:2      | Killed Jessica
  1223 | D:2      | Reached skill level 1 in Short Blades
  1223 | D:2      | Reached skill level 5 in Conjurations
  1223 | D:2      | Reached XP level 3. HP: 19/19 MP: 7/10
  1428 | D:2      | Reached XP level 4. HP: 24/24 MP: 7/11
  1559 | D:2      | Reached skill level 1 in Armour
  1568 | D:2      | Slain by an adder

Illustrated notes

Levels and vault maps discovered:
D:1:      minmay_arrival_split_and_join, layout_loops_ring,
          chequers_ecumenical_altar_simple, skrybe_limestone_x,
          minmay_gold_behind_fungi
D:2:      layout_loops_ring, kennysheep_generic_room_16,
          uniq_crazy_yiuf_cottage, uniq_jessica

Skill      XL: |  1  2  3  4 |
---------------+-------------+-----
Short Blades   | 1 |  1.2
Conjurations   | 5 |  5.2
Armour         | 1 |  1.0
Dodging        | |  2.8
Stealth        | |  2.4
Spellcasting   | |  3.9

Action                   |  1- 3 |  4- 6 || total
-------------------------+-------+-------++-------
Melee: Unarmed           |     9 |       ||     9
       Punch             |     1 |       ||     1
       Short sword       |       |     6 ||     6
 Cast: Magic Dart        |    44 |    10 ||    54
  Use: Scroll            |     6 |       ||     6
       Potion            |     1 |     2 ||     3
Armor: Robe              |       |     1 ||     1
Dodge: Dodged            |     3 |     7 ||    10
